Map: Jagannatha LE

Players

Neeb - Winner!

  • Race: Protoss Protoss
  • Spawn Location: 7:00

Scarlett

  • Race: Zerg Zerg
  • League: Master
  • Spawn Location: 1:00

Event: DreamHack SC2 Masters 2020 Winter

VOD

Have the link to the VOD?

Description

Time

  • Played on: Nov. 8, 2020, 5:23 p.m.
  • Length: 30:26

All games in this series

Show
View Real Time Build Order
Export as new Build Order

Neeb Protoss - Winner!

Build Orders: 1 Gate Expand, Oracle Opening, Archon Immortal, Carriers 

Get SALT Encoding   

  12  0:00  Probe  
  13  0:12  Probe  
  14  0:20  Pylon  
  14  0:24  Probe  
  15  0:38  Probe (Chrono Boost)  
  15  0:40  Gateway  
  16  0:49  Probe (Chrono Boost)  
  17  0:52  Assimilator  
  17  0:53  Probe (Chrono Boost)  
  18  1:04  Probe  
  19  1:16  Probe  
  20  1:27  Nexus  
  20  1:39  Cybernetics Core  
  20  1:41  Probe  
  21  1:47  Assimilator  
  21  1:54  Probe  
  22  1:56  Pylon  
  22  2:06  Probe (Chrono Boost)  
  23  2:12  Adept (Chrono Boost)  
  26  2:15  Probe (Chrono Boost)  
  26  2:20  Probe (Chrono Boost)  
  26  2:22  Stargate  
  27  2:28  Pylon  
  27  2:33  Probe (Chrono Boost)  
  28  2:37  Adept  
  28  2:40  Probe (Chrono Boost)  
  31  2:46  Warp Gate  
  31  2:50  Probe x2 (Chrono Boost)  
  33  2:55  Probe (Chrono Boost)  
  33  2:56  Probe  
  35  2:59  Gateway  
  35  3:01  Void Ray (Chrono Boost)  
  35  3:12  Probe  
  40  3:14  Probe  
  41  3:23  Pylon  
  41  3:24  Probe  
  41  3:26  Probe  
  43  3:36  Probe  
  43  3:38  Probe, Oracle (Chrono Boost)  
  45  3:43  Pylon  
  45  3:48  Probe  
  49  3:50  Probe  
  50  3:55  Nexus  
  50  4:00  Pylon, Probe  
  51  4:03  Probe  
  51  4:08  Oracle (Chrono Boost)  
  55  4:12  Probe  
  55  4:15  Assimilator  
  55  4:16  Probe  
  57  4:17  Assimilator  
  57  4:24  Probe  
  57  4:28  Probe  
  57  4:31  Forge, Twilight Council  
  59  4:38  Adept x2  
  63  4:39  Probe  
  63  4:41  Probe  
  65  4:47  Robotics Facility  
  65  4:51  Probe  
  66  4:53  Probe (Chrono Boost)  
  67  5:03  Charge, Protoss Ground Weapons Level 1 (Chrono Boost)  
  67  5:05  Sentry  
  70  5:07  Shield Battery  
  70  5:08  Probe x2 (Chrono Boost)  
  71  5:14  Pylon  
  71  5:15  Pylon, Probe (Chrono Boost)  
  71  5:17  Probe (Chrono Boost)  
  71  5:23  Probe  
  71  5:27  Probe  
  71  5:28  Probe  
  72  5:29  Sentry  
  72  5:32  Sentry  
  72  5:35  Probe  
  77  5:37  Gateway  
  77  5:39  Gateway, Probe  
  77  5:40  Observer  
  77  5:41  Gateway, Probe  
  80  5:44  Assimilator  
  80  5:46  Assimilator  
  80  5:47  Probe  
  80  5:49  Pylon  
  81  5:51  Probe  
  81  5:54  Probe  
  83  5:59  Probe  
  83  6:01  Warp Prism  
  83  6:03  Probe  
  87  6:06  Pylon, Probe  
  88  6:13  Gateway  
  88  6:15  Gateway  
  88  6:17  Gateway  
  88  6:18  Gateway  
  88  6:19  Gateway  
  88  6:20  Probe  
  88  6:22  Gateway  
  89  6:26  Templar Archives  
  89  6:29  Zealot  
  91  6:33  Zealot x2  
  91  6:37  Pylon  
  91  6:38  Pylon  
  95  6:40  Zealot  
  95  6:41  Zealot  
  99  6:47  Probe  
  99  6:48  Pylon  
  99  6:51  Protoss Ground Weapons Level 2 (Chrono Boost)  
  100  7:02  High Templar x4  
  100  7:03  Zealot  
  100  7:06  Archon  
  100  7:07  Archon  
  110  7:11  Pylon  
  110  7:12  Pylon  
  110  7:13  High Templar x2, Zealot x3  
  120  7:18  Archon  
  120  7:19  Zealot  
  120  7:21  Nexus  
  122  7:25  Pylon, Zealot  
  124  7:30  Immortal (Chrono Boost)  
  124  7:33  Probe  
  124  7:34  Probe  
  124  7:36  Probe  
  131  7:44  High Templar  
  131  7:45  High Templar, Probe  
  131  7:46  Probe  
  131  7:48  Probe  
  131  7:49  Assimilator  
  131  7:50  Psionic Storm  
  138  7:51  High Templar  
  138  7:54  Assimilator  
  138  7:57  Probe  
  138  7:58  Pylon  
  139  7:59  Pylon  
  139  8:03  Zealot x3  
  139  8:04  Immortal (Chrono Boost)  
  145  8:10  Probe  
  150  8:14  Probe x2  
  146  8:22  Probe  
  146  8:23  High Templar  
  146  8:24  High Templar  
  151  8:27  Photon Cannon, Probe x2  
  151  8:28  Photon Cannon  
  151  8:31  Photon Cannon  
  151  8:33  Photon Cannon  
  153  8:34  Shield Battery  
  153  8:38  Immortal (Chrono Boost)  
  153  8:50  Zealot x5  
  157  8:56  Zealot x3  
  163  9:14  Immortal (Chrono Boost)  
  167  9:20  Fleet Beacon  
  167  9:21  Stargate  
  167  9:22  High Templar x2, Zealot  
  167  9:23  Zealot, Stargate  
  175  9:31  Protoss Air Weapons Level 1 (Chrono Boost)  
  175  9:32  Cybernetics Core  
  175  9:37  Photon Cannon, Shield Battery  
  175  9:47  High Templar x2  
  175  9:48  Pylon, Observer  
  176  9:55  Archon  
  176  10:03  Probe  
  176  10:04  Carrier x2 (Chrono Boost), Probe  
  176  10:06  Nexus  
  176  10:07  Carrier (Chrono Boost)  
  192  10:17  Photon Cannon  
  192  10:18  Photon Cannon  
  192  10:20  Shield Battery  
  188  10:22  Shield Battery  
  188  10:26  Assimilator  
  184  10:29  High Templar x2  
  184  10:30  Assimilator  
  184  10:33  Archon  
  184  10:34  Observer  
  189  10:43  Protoss Air Armor Level 1 (Chrono Boost)  
  181  11:00  Carrier x2  
  193  11:07  Pylon  
  193  11:08  Photon Cannon  
  175  11:13  Carrier  
  175  11:16  Zealot x10  
  197  11:25  Archon  
  191  11:28  Probe x2  
  191  11:29  High Templar  
  191  11:32  Shield Battery  
  195  11:35  Assimilator, Protoss Ground Weapons Level 3 (Chrono Boost)  
  198  11:42  Photon Cannon x2  
  198  11:44  Photon Cannon, Shield Battery  
  198  11:45  Pylon  
  198  11:46  High Templar  
  198  11:47  High Templar  
  199  11:48  Protoss Air Weapons Level 2 (Chrono Boost)  
  199  12:01  Photon Cannon  
  199  12:02  Photon Cannon x2  
  199  12:06  Photon Cannon  
  192  12:17  Zealot x4  
  189  12:30  Archon  
  189  12:33  High Templar x3  
  189  12:35  Assimilator  
  195  12:47  Zealot x2  
  195  12:49  Zealot x6  
  193  13:02  Dark Shrine  
  183  13:06  Zealot x3  
  183  13:12  Zealot x6  
  191  13:13  Protoss Air Armor Level 2 (Chrono Boost)  
  191  13:25  Void Ray (Chrono Boost)  
  191  13:26  Void Ray x2 (Chrono Boost)  
  179  13:32  Mothership  
  179  13:33  Probe x3  
  182  13:36  Archon x2  
  164  13:42  High Templar x5  
  174  14:05  Protoss Air Weapons Level 3 (Chrono Boost)  
  172  14:12  Zealot x6  
  184  14:21  Dark Templar x2  
  184  14:22  Dark Templar x2  
  184  14:24  Protoss Shields Level 1  
  190  14:26  Void Ray x3  
  190  14:27  Dark Templar  
  186  14:32  Shadow Stride (Chrono Boost)  
  188  14:44  Flux Vanes  
  188  14:45  Photon Cannon  
  188  14:46  Photon Cannon  
  188  14:48  Photon Cannon  
  182  15:03  Void Ray x3  
  188  15:18  Photon Cannon  
  188  15:20  Pylon  
  188  15:22  Photon Cannon  
  186  15:30  Photon Cannon  
  186  15:31  Photon Cannon  
  186  15:33  Photon Cannon  
  186  15:35  Pylon  
  186  15:41  Stargate x2  
  186  15:42  Protoss Air Armor Level 3 (Chrono Boost)  
  186  15:44  Nexus  
  186  15:45  Stargate  
  186  15:46  Pylon  
  186  15:50  Assimilator  
  186  15:54  Photon Cannon  
  186  15:57  Photon Cannon  
  186  15:58  Photon Cannon  
  186  15:59  High Templar x4  
  186  16:00  High Templar x3, Shield Battery  
  186  16:02  Photon Cannon, Shield Battery  
  200  16:05  Photon Cannon  
  200  16:13  Assimilator  
  200  16:16  Observer (Chrono Boost)  
  200  16:17  Archon x2  
  193  16:18  Photon Cannon  
  193  16:20  Photon Cannon  
  193  16:22  Photon Cannon  
  193  16:24  Tempest  
  193  16:31  Photon Cannon  
  198  16:34  Photon Cannon x2  
  198  16:35  Photon Cannon, Shield Battery  
  198  16:37  Photon Cannon  
  198  16:39  Photon Cannon  
  198  16:46  Photon Cannon  
  198  16:48  Shield Battery  
  198  16:58  Protoss Shields Level 2 (Chrono Boost)  
  194  17:17  Photon Cannon  
  194  17:19  Pylon  
  194  17:21  Photon Cannon  
  194  17:22  Photon Cannon  
  194  17:30  Tempest  
  199  17:53  Pylon  
  199  18:14  Shield Battery  
  199  18:15  Shield Battery  
  199  18:16  Shield Battery  
  199  18:18  Shield Battery  
  199  18:20  Shield Battery  
  199  18:22  Shield Battery  
  199  18:24  Shield Battery  
  199  18:26  Shield Battery  
  199  18:28  Shield Battery  
  199  18:31  Shield Battery  
  190  18:43  Shield Battery  
  190  18:44  Tempest x2  
  190  18:45  Shield Battery  
  190  18:46  Photon Cannon  
  197  18:49  Tempest  
  197  18:50  Pylon  
  198  19:01  Tempest  
  198  19:09  Nexus  
  197  19:11  Pylon  
  197  19:12  Photon Cannon  
  197  19:13  Photon Cannon  
  197  19:14  Shield Battery  
  197  19:16  Shield Battery  
  197  19:17  Shield Battery  
  197  19:19  Shield Battery  
  197  19:35  Oracle  
  191  20:02  Tempest  
  196  20:17  Tempest  
  198  20:27  Unknown  
  198  20:30  Assimilator  
  198  20:31  Pylon  
  198  20:35  Assimilator  
  198  20:55  Shield Battery  
  198  21:02  Shield Battery x2  
  198  21:05  Shield Battery x2  
  194  21:18  Photon Cannon  
  192  21:20  Photon Cannon  
  192  21:21  Photon Cannon  
  197  21:35  High Templar  
  197  21:36  High Templar x3  
  200  21:51  Pylon  
  198  22:11  Shield Battery x2  
  198  22:16  Shield Battery  
  198  22:17  Shield Battery  
  198  22:20  Photon Cannon  
  198  22:23  Photon Cannon  
  198  22:25  Pylon  
  200  22:58  Oracle  
  200  23:19  Pylon  
  200  23:28  Pylon  
  200  23:30  Photon Cannon  
  192  23:43  Oracle x2  
  198  23:51  Shield Battery x2  
  198  23:56  Shield Battery  
  198  24:07  Photon Cannon  
  198  24:09  Photon Cannon  
  198  24:12  Photon Cannon, Protoss Shields Level 3 (Chrono Boost)  
  198  24:14  Photon Cannon  
  198  25:02  Nexus  
  198  25:04  Pylon  
  198  25:08  Dark Templar  
  198  25:10  Pylon  
  200  25:32  Shield Battery  
  200  25:34  Shield Battery  
  200  25:35  Shield Battery  
  200  25:37  Shield Battery  
  200  25:38  Photon Cannon  
  200  25:40  Photon Cannon  
  200  25:46  Shield Battery  
  200  25:50  Shield Battery  
  200  26:23  Shield Battery  
  200  26:24  Shield Battery  
  200  26:25  Shield Battery  
  200  26:29  Pylon  
  197  27:12  Archon  
  197  27:32  Nexus  
  197  27:35  Pylon  
  197  27:38  Pylon  
  197  27:41  Void Ray  
  197  27:42  Void Ray  
  197  27:43  Void Ray  
  197  27:44  Void Ray  
  179  27:45  Void Ray x2  
  173  27:52  Mothership (Chrono Boost)  
  121  28:17  Void Ray (Chrono Boost)  
  121  28:19  Probe x7  
  128  28:23  Tempest x2 (Chrono Boost)  
  128  28:25  Tempest x2 (Chrono Boost)  
  128  28:26  High Templar x4  
  128  28:27  High Templar x4  
  154  28:31  Probe  
  154  28:32  Archon x3, Tempest (Chrono Boost)  
  171  28:40  Assimilator, Photon Cannon  
  171  28:42  Assimilator  
  171  28:46  Observer  
  171  28:48  Photon Cannon  
  173  28:58  Probe x2 (Chrono Boost)  
  173  29:02  Tempest (Chrono Boost), Carrier (Chrono Boost)  
  189  29:03  Carrier x2 (Chrono Boost)  
  189  29:05  Probe (Chrono Boost)  
  198  29:12  Probe x2  
  177  29:25  Tempest (Chrono Boost)  
  177  29:26  Tempest (Chrono Boost)  
  187  29:39  Dark Templar  
  189  29:53  Dark Templar x4  
  189  29:55  Dark Templar  
  189  29:57  Archon x2  
Show
View Real Time Build Order
Export as new Build Order

Scarlett Zerg 

Build Orders: Hatch First, Lurkers, Roach Hydra 

Get SALT Encoding   

  12  0:00  Drone  
  13  0:13  Overlord  
  13  0:20  Drone  
  14  0:32  Drone x2  
  16  0:44  Drone  
  17  0:52  Hatchery  
  17  0:55  Drone  
  17  0:59  Drone  
  18  1:11  Extractor  
  17  1:14  Spawning Pool  
  17  1:17  Drone  
  17  1:21  Drone  
  18  1:28  Drone  
  19  1:40  Drone  
  20  1:50  Overlord  
  20  2:01  Queen  
  20  2:04  Queen  
  20  2:05  Zergling x4  
  26  2:11  Drone  
  26  2:14  Metabolic Boost  
  26  2:15  Drone  
  28  2:22  Drone  
  29  2:28  Drone  
  30  2:35  Drone  
  31  2:47  Overlord  
  31  2:48  Hatchery  
  31  2:50  Zergling x2  
  31  2:53  Drone  
  31  2:56  Queen  
  34  3:05  Drone x2  
  36  3:10  Drone x2  
  36  3:12  Drone x3  
  40  3:18  Queen  
  42  3:23  Overlord  
  42  3:28  Drone  
  42  3:30  Drone  
  44  3:42  Zergling x2  
  44  3:43  Drone, Zergling x2  
  44  3:45  Drone x3, Spore Crawler  
  44  3:48  Queen  
  51  3:50  Overlord  
  51  4:02  Overlord  
  51  4:07  Spore Crawler  
  51  4:09  Drone x2, Overlord  
  52  4:10  Drone x2  
  52  4:13  Drone, Queen  
  57  4:18  Drone  
  57  4:21  Drone  
  57  4:22  Drone x3  
  62  4:25  Drone x2  
  62  4:29  Spore Crawler x2  
  62  4:38  Drone x5  
  65  4:40  Lair  
  65  4:43  Evolution Chamber  
  65  4:44  Roach Warren  
  65  4:48  Drone x3  
  65  4:52  Drone x3  
  71  4:55  Drone, Extractor  
  71  4:56  Drone  
  71  4:57  Drone, Extractor  
  72  5:02  Drone x2, Overlord  
  73  5:17  Overlord  
  73  5:19  Extractor, Zerg Missile Weapons Level 1  
  73  5:20  Extractor  
  68  5:21  Drone x5  
  68  5:22  Drone x4  
  68  5:26  Drone x3  
  79  5:34  Drone x3  
  82  5:38  Extractor, Glial Reconstitution  
  82  5:40  Overlord  
  82  5:41  Roach x4  
  89  5:52  Hatchery  
  89  5:56  Roach  
  89  5:58  Overlord  
  89  5:59  Drone x5  
  89  6:03  Hydralisk Den  
  93  6:05  Infestation Pit  
  93  6:07  Drone  
  93  6:08  Drone x4  
  93  6:10  Overlord  
  97  6:25  Roach x3  
  103  6:28  Overlord x4  
  103  6:36  Muscular Augments  
  103  6:38  Overseer  
  103  6:39  Hydralisk x5  
  113  6:41  Overlord  
  113  6:42  Extractor  
  112  6:47  Extractor  
  112  6:48  Hive  
  112  6:52  Drone x5  
  115  6:54  Roach  
  115  6:55  Roach  
  115  6:57  Roach  
  115  6:58  Roach  
  115  6:59  Roach  
  127  7:02  Roach x2  
  127  7:03  Ravager x2  
  127  7:06  Roach  
  135  7:15  Roach x5, Zergling x2  
  146  7:17  Ravager  
  146  7:20  Extractor x2  
  145  7:23  Overlord  
  145  7:24  Overlord  
  145  7:27  Drone  
  145  7:29  Roach x6  
  158  7:37  Overlord  
  158  7:43  Roach x8  
  174  7:50  Grooved Spines  
  174  7:54  Evolution Chamber  
  174  7:56  Hatchery  
  172  7:59  Drone x9  
  172  8:00  Spore Crawler  
  180  8:12  Drone x3  
  183  8:13  Spine Crawler  
  178  8:22  Hydralisk x3  
  178  8:24  Overlord x2  
  184  8:27  Zerg Missile Weapons Level 2  
  184  8:28  Zerg Ground Armor Level 1, Lurker Den x2  
  182  8:36  Pneumatized Carapace  
  182  8:37  Overlord  
  182  8:42  Drone x2  
  183  8:53  Hydralisk  
  183  8:54  Hydralisk x7  
  196  9:00  Extractor x2  
  183  9:03  Drone x3  
  183  9:04  Drone x3  
  168  9:17  Drone x2  
  168  9:18  Drone x3  
  168  9:19  Spore Crawler, Hydralisk x8  
  168  9:21  Spine Crawler  
  185  9:27  Seismic Spines, Adaptive Talons  
  185  9:29  Lurker  
  185  9:30  Lurker  
  187  9:34  Lurker, Spine Crawler  
  187  9:46  Overlord  
  187  9:50  Lurker x4  
  191  10:00  Lurker x3  
  194  10:10  Spire  
  194  10:12  Zergling x14  
  200  10:16  Hatchery  
  200  10:17  Extractor x2  
  200  10:20  Overlord  
  200  10:21  Overseer  
  196  10:22  Overseer  
  192  10:28  Hydralisk x2  
  192  10:32  Lurker, Hydralisk  
  192  10:33  Lurker  
  198  10:53  Overlord  
  198  10:54  Overseer  
  198  10:55  Zerg Ground Armor Level 2, Zerg Missile Weapons Level 3  
  197  11:06  Hydralisk x3  
  172  11:15  Hydralisk x7  
  172  11:16  Hydralisk  
  182  11:19  Zergling x2  
  182  11:20  Zergling x12  
  182  11:21  Lurker x5  
  192  11:27  Zerg Flyer Weapons Level 1  
  192  11:31  Drone  
  185  11:35  Zergling x20  
  185  11:37  Lurker  
  185  11:38  Lurker x2  
  198  11:44  Overlord  
  198  12:00  Spore Crawler, Hatchery  
  196  12:01  Spine Crawler  
  196  12:02  Extractor  
  191  12:12  Corruptor x4  
  177  12:23  Corruptor x2  
  177  12:24  Corruptor x9  
  177  12:28  Corruptor  
  168  12:30  Drone x2  
  168  12:31  Drone  
  170  12:37  Corruptor  
  170  12:38  Corruptor x2  
  170  12:40  Corruptor  
  170  12:44  Extractor  
  177  12:45  Zergling x20  
  177  12:49  Corruptor  
  177  12:50  Corruptor x2  
  182  13:07  Hydralisk x6  
  189  13:17  Corruptor x4  
  173  13:30  Hydralisk x2  
  173  13:31  Hydralisk x6  
  160  13:35  Corruptor  
  140  13:49  Zerg Flyer Armor Level 1  
  138  14:00  Drone x12  
  138  14:01  Drone x5  
  155  14:03  Viper  
  155  14:07  Viper, Hatchery  
  155  14:30  Drone x5  
  155  14:31  Drone  
  158  14:38  Lurker x6  
  155  14:44  Corruptor x3  
  162  14:50  Overseer  
  160  15:04  Spore Crawler  
  160  15:06  Spine Crawler  
  153  15:09  Corruptor x4  
  160  15:14  Spine Crawler  
  160  15:15  Drone, Spore Crawler  
  160  15:16  Drone x3  
  160  15:19  Spine Crawler  
  162  15:28  Drone x6  
  162  15:29  Drone x8  
  162  15:32  Corruptor x2  
  180  15:40  Lurker x4  
  184  15:48  Spore Crawler  
  184  15:49  Spine Crawler  
  182  15:52  Lurker x3  
  185  16:00  Overseer  
  185  16:03  Zerg Flyer Weapons Level 2  
  185  16:04  Drone x2, Extractor  
  184  16:05  Drone  
  184  16:07  Corruptor  
  189  16:16  Corruptor x2  
  193  16:19  Overseer  
  193  16:20  Overseer  
  193  16:27  Spore Crawler  
  192  16:40  Drone x3  
  192  16:44  Spore Crawler x2  
  192  16:45  Spire  
  192  16:57  Adrenal Glands  
  192  16:58  Zerg Melee Weapons Level 1, Zerg Ground Armor Level 3  
  192  16:59  Corruptor x2  
  196  17:21  Spore Crawler  
  195  17:23  Drone x3  
  195  17:24  Drone x2  
  195  17:29  Spore Crawler x2  
  198  17:30  Drone x2, Spore Crawler x2, Spine Crawler  
  198  17:31  Spore Crawler  
  198  17:32  Spore Crawler  
  198  17:33  Hatchery  
  198  17:35  Spore Crawler  
  193  17:48  Viper  
  196  17:51  Viper  
  199  18:01  Spore Crawler  
  199  18:02  Spore Crawler  
  199  18:03  Spore Crawler  
  199  18:05  Spore Crawler  
  195  18:06  Spore Crawler  
  194  18:32  Zergling x4  
  194  18:33  Zergling x8  
  194  18:34  Spine Crawler, Overseer x2  
  200  18:35  Spore Crawler  
  200  18:36  Spine Crawler  
  197  18:41  Zerg Flyer Armor Level 2  
  197  18:42  Zerg Flyer Weapons Level 3  
  197  18:55  Spore Crawler, Spine Crawler  
  196  18:56  Spore Crawler  
  194  19:06  Spore Crawler  
  194  19:07  Extractor  
  194  19:09  Extractor  
  191  19:11  Spore Crawler  
  191  19:13  Spore Crawler  
  191  19:14  Spore Crawler x2  
  191  19:16  Spore Crawler x2  
  185  19:17  Spore Crawler  
  185  19:18  Spore Crawler  
  183  19:30  Corruptor x4  
  183  19:31  Corruptor x4  
  199  20:03  Overlord  
  199  20:07  Zergling x8  
  198  20:08  Zerg Melee Weapons Level 2  
  192  21:13  Hydralisk  
  192  21:14  Zergling x2, Hydralisk x3  
  192  21:15  Zergling x18  
  199  21:23  Overlord  
  183  21:38  Hydralisk x5  
  183  21:39  Overlord  
  192  21:40  Overlord  
  183  22:01  Corruptor x7  
  183  22:05  Viper  
  164  22:42  Overseer, Overlord x2  
  164  22:51  Hydralisk x4  
  164  22:52  Zergling x26  
  164  22:56  Zerg Flyer Armor Level 3  
  185  23:23  Hatchery, Overseer  
  184  23:32  Corruptor x6  
  184  23:33  Corruptor x2  
  200  23:45  Spore Crawler x2  
  200  23:46  Spore Crawler  
  200  23:47  Spore Crawler  
  195  23:58  Overlord  
  195  23:59  Overseer  
  174  24:37  Hydralisk x5  
  178  24:46  Lurker x4  
  178  24:47  Lurker  
  183  24:52  Corruptor  
  183  24:53  Corruptor x7  
  199  25:15  Spore Crawler x2  
  197  25:41  Zergling x2  
  197  25:42  Zergling x4  
  200  25:55  Viper  
  195  26:37  Overseer  
  184  27:04  Overseer  
  180  27:08  Queen  
  105  27:51  Corruptor  
  105  27:52  Corruptor x6  
  89  28:00  Hydralisk x5  
  86  28:12  Hydralisk x4  
  91  28:20  Hatchery  
  91  28:26  Viper  
  91  28:28  Lurker x2  
  91  28:29  Lurker x3  
  96  28:42  Lurker x4  
  100  28:55  Extractor x2  
  98  29:07  Zergling x18  
  98  29:08  Zergling x10  
  105  29:23  Zergling x6  
  105  29:24  Zergling x2  
  90  29:47  Drone x2  
Tags
 
Add a new tag
Caveats
  • Supply blocks, unpowered buildings, or Contaminate may cause inaccurate times.
  • Supply counts are checked every 10 seconds.